[Event "DLM Youth 2024"]
[Site "Tuebingen"]
[Date "2024.10.03"]
[Round "2"]
[White "Vranckx, Oscar"]
[Black "Meitzner, Jonathan Franz"]
[Result "1-0"]
[ECO "B40"]
[WhiteElo "1933"]
[BlackElo "1845"]
[Annotator "NA RC"]
[PlyCount "71"]
[EventDate "2024.10.03"]
[EventType "team-swiss"]
[EventRounds "7"]
[EventCountry "GER"]
[SourceTitle "playchess.com"]
[Source "ChessBase"]
[SourceQuality "1"]
[TimeControl "40/5400+30:1800+30"]

1. e4 c5 2. Nf3 e6 3. g3 Nc6 4. Bg2 Qc7 5. O-O Nf6 6. Qe2 d6 7. d3 Be7 8. Re1 e5 9. Nbd2 O-O 10. Nf1 Bd7 11. c3 Rab8 12. Nh4 Ne8 13. Nf5 Bxf5 14. exf5 Qd7 15. Ne3 Bg5 16. Bh3 Ne7 17. Qh5 f6 18. Rf1 d5 19. Ng2 Bxc1 20. Raxc1 Qb5 21. Qe2 Nd6 22. f4 Nc6 23. Ne3 Rfe8 24. Nxd5 exf4 25. Qg4 Rf8 26. Nxf4 Qxb2 27. Bg2 Ne5 28. Bd5+ Ndf7 29. Qh5 Rbd8 30. Be4 Qxa2 31. Ne6 Nxd3 32. Rcd1 Qa6 33. Qg4 Ng5 34. Bxd3 Rxd3 35. Nxc5 Qb6 36. Qc4+ 1-0

[Event "DLM Youth 2024"]
[Site "Tuebingen"]
[Date "2024.10.03"]
[Round "2"]
[White "Wilmink, Anna"]
[Black "Sickmann, Lisa"]
[Result "1/2-1/2"]
[ECO "B20"]
[WhiteElo "1927"]
[BlackElo "1946"]
[Annotator "NA RC"]
[PlyCount "98"]
[EventDate "2024.10.03"]
[EventType "team-swiss"]
[EventRounds "7"]
[EventCountry "GER"]
[SourceTitle "playchess.com"]
[Source "ChessBase"]
[SourceQuality "1"]
[TimeControl "40/5400+30:1800+30"]

1. e4 c5 2. b3 e6 3. Bb2 b6 4. g3 Bb7 5. Bg2 Nf6 6. d3 Be7 7. Nd2 O-O 8. f4 Qc7 9. Nh3 Nc6 10. O-O Rfd8 11. Nf3 d5 12. e5 Ng4 13. Qe2 d4 14. Bc1 Nb4 15. Nfg5 Bxg2 16. Kxg2 h5 17. Nf2 Nxf2 18. Rxf2 g6 19. Ne4 b5 20. a3 Nd5 21. Bd2 Rac8 22. a4 b4 23. h3 Kg7 24. Rh1 Rh8 25. Kf1 Qb7 26. Rfh2 Rh7 27. g4 Kf8 28. Qf2 Qd7 29. Rg1 Ke8 30. Ke2 Kd8 31. Rf1 Kc7 32. g5 Rhh8 33. Rhh1 Rhd8 34. Kf3 a5 35. Kg3 Nb6 36. Ra1 Qc6 37. Qf3 Kb8 38. Rhd1 Rd7 39. Be1 Rcd8 40. Bf2 Nd5 41. Nd2 Qc7 42. Nc4 Ka7 43. h4 Ka6 44. Bg1 Nb6 45. Nxb6 Kxb6 46. Re1 Qc6 47. Rad1 Rb7 48. Rd2 Rbd7 49. Qxc6+ Kxc6 1/2-1/2

[Event "DLM Youth 2024"]
[Site "Tuebingen"]
[Date "2024.10.03"]
[Round "2"]
[White "Junge, Mattheo Gabriel"]
[Black "Mueller, Riyanna"]
[Result "0-1"]
[ECO "B12"]
[WhiteElo "1907"]
[BlackElo "2014"]
[Annotator "NA RC"]
[PlyCount "100"]
[EventDate "2024.10.03"]
[EventType "team-swiss"]
[EventRounds "7"]
[EventCountry "GER"]
[SourceTitle "playchess.com"]
[Source "ChessBase"]
[SourceQuality "1"]
[TimeControl "40/5400+30:1800+30"]

1. e4 c6 2. d4 d5 3. f3 Qb6 4. c3 e5 5. exd5 cxd5 6. Qe2 Nc6 7. Be3 Bf5 8. dxe5 Bc5 9. Bxc5 Qxc5 10. Nd2 O-O-O 11. Nb3 Qb6 12. O-O-O Kb8 13. g4 Be6 14. f4 d4 15. f5 Bxb3 16. axb3 Qxb3 17. Nf3 dxc3 18. Rxd8+ Nxd8 19. Bg2 Nc6 20. Qc2 cxb2+ 21. Qxb2 Qxb2+ 22. Kxb2 Nge7 23. Rd1 Kc7 24. f6 gxf6 25. exf6 Ng6 26. Ng5 Nce5 27. Rc1+ Kb8 28. Rd1 h6 29. Nh3 Nc4+ 30. Kb3 Ne3 31. Rd2 Nxg2 32. Rxg2 Re8 33. Rg3 Re2 34. g5 h5 35. Rf3 Rxh2 36. Nf4 Nxf4 37. Rxf4 Rg2 38. Re4 Rxg5 39. Re7 Rf5 40. Rxf7 h4 41. Rh7 Rxf6 42. Rxh4 a6 43. Kb4 Ka7 44. Ka5 b6+ 45. Kb4 a5+ 46. Kb5 Rf5+ 47. Ka4 Ka6 48. Rh6 Rf4+ 49. Kb3 a4+ 50. Ka3 Ka5 0-1

[Event "DLM Youth 2024"]
[Site "Tuebingen"]
[Date "2024.10.03"]
[Round "2"]
[White "Mukazhanov, Mansur"]
[Black "Buchholz, Maja Patricia"]
[Result "1-0"]
[ECO "C07"]
[WhiteElo "1894"]
[BlackElo "1988"]
[Annotator "NA RC"]
[PlyCount "109"]
[EventDate "2024.10.03"]
[EventType "team-swiss"]
[EventRounds "7"]
[EventCountry "GER"]
[SourceTitle "playchess.com"]
[Source "ChessBase"]
[SourceQuality "1"]
[TimeControl "40/5400+30:1800+30"]

1. e4 e6 2. d4 d5 3. Nd2 c5 4. exd5 Qxd5 5. Ngf3 cxd4 6. Bc4 Qd6 7. Nb3 Qb4+ 8. Nbd2 Nc6 9. O-O Nf6 10. a3 Qc5 11. b4 Qh5 12. Nb3 Bd6 13. Nbxd4 Nxd4 14. Qxd4 Be7 15. Bb2 O-O 16. Rfe1 Rd8 17. Qc3 Bd6 18. Rad1 e5 19. Rxe5 Bf5 20. Red5 Bxh2+ 21. Nxh2 Qxd1+ 22. Rxd1 Rxd1+ 23. Nf1 Rc8 24. Qg3 Bg6 25. Qf3 Rd7 26. Bxf6 Rxc4 27. Ne3 Re4 28. Bb2 b5 29. Qg3 Re8 30. Qg5 a6 31. Ng4 Rd1+ 32. Kh2 Re6 33. f4 f6 34. Bxf6 gxf6 35. Nxf6+ Kf7 36. Nxh7 Rf1 37. Qh6 Bxh7 38. Qxh7+ Ke8 39. f5 Rd6 40. Qc7 Rfd1 41. Kg3 R1d4 42. f6 Rd7 43. Qc8+ Kf7 44. Qxa6 R4d5 45. c4 bxc4 46. Qxc4 Kxf6 47. b5 Rg7+ 48. Kh2 Rh7+ 49. Kg1 Rd1+ 50. Kf2 Rd2+ 51. Kf3 Rhd7 52. Ke3 R2d6 53. a4 Ke5 54. b6 Rd4 55. Qc3 1-0

[Event "DLM Youth 2024"]
[Site "Tuebingen"]
[Date "2024.10.03"]
[Round "2"]
[White "Fischermann, Simon"]
[Black "Jacobasch, Ronja"]
[Result "1-0"]
[ECO "B08"]
[WhiteElo "1873"]
[BlackElo "1879"]
[Annotator "NA RC"]
[PlyCount "63"]
[EventDate "2024.10.03"]
[EventType "team-swiss"]
[EventRounds "7"]
[EventCountry "GER"]
[SourceTitle "playchess.com"]
[Source "ChessBase"]
[SourceQuality "1"]
[TimeControl "40/5400+30:1800+30"]

1. e4 d6 2. d4 Nf6 3. Nc3 g6 4. Nf3 Bg7 5. h3 O-O 6. Be3 c5 7. dxc5 Qa5 8. Bd3 dxc5 9. O-O Rd8 10. Qe1 Nc6 11. e5 Nd5 12. Nxd5 Qxe1 13. Rfxe1 Rxd5 14. Be4 Rd8 15. Bxc6 bxc6 16. Bxc5 Kf8 17. c4 a5 18. b3 a4 19. Rad1 Rxd1 20. Rxd1 Bf5 21. b4 Ke8 22. Nd4 Bxe5 23. Nxc6 Bf6 24. b5 Rc8 25. Bd4 Bd7 26. Bxf6 Bxc6 27. Re1 Ba8 28. Rxe7+ Kf8 29. Ra7 Be4 30. b6 Rb8 31. b7 Bxb7 32. Be5 1-0

[Event "DLM Youth 2024"]
[Site "Tuebingen"]
[Date "2024.10.03"]
[Round "2"]
[White "Yin, Vito"]
[Black "Sun, Christopher"]
[Result "1-0"]
[ECO "A25"]
[WhiteElo "1859"]
[BlackElo "1711"]
[Annotator "NA RC"]
[PlyCount "69"]
[EventDate "2024.10.03"]
[EventType "team-swiss"]
[EventRounds "7"]
[EventCountry "GER"]
[SourceTitle "playchess.com"]
[Source "ChessBase"]
[SourceQuality "1"]
[TimeControl "40/5400+30:1800+30"]

1. c4 e5 2. Nc3 Nf6 3. g3 Bc5 4. Bg2 d6 5. e3 Nc6 6. Nge2 Bd7 7. a3 a5 8. O-O O-O 9. d4 exd4 10. exd4 Ba7 11. Be3 Re8 12. b4 axb4 13. axb4 Qe7 14. Bg5 Bg4 15. f3 Be6 16. b5 Nb8 17. Qd3 Nbd7 18. Kh1 h6 19. Bd2 Bb6 20. f4 Rxa1 21. Rxa1 Bg4 22. Ng1 Qe6 23. Re1 Qf5 24. Rxe8+ Nxe8 25. Be4 Qf6 26. Be3 Qe6 27. f5 Qf6 28. Nd5 Qd8 29. h3 Bh5 30. Nf4 Nef6 31. Bxb7 Qe7 32. Bc6 Bd1 33. Bxd7 Nxd7 34. Nd5 Qe8 35. Qxd1 1-0

[Event "DLM Youth 2024"]
[Site "Tuebingen"]
[Date "2024.10.03"]
[Round "2"]
[White "Glowiak, Alexandra"]
[Black "Kovalskyy, Alicia"]
[Result "1/2-1/2"]
[ECO "C54"]
[WhiteElo "1839"]
[BlackElo "1908"]
[Annotator "NA RC"]
[PlyCount "91"]
[EventDate "2024.10.03"]
[EventType "team-swiss"]
[EventRounds "7"]
[EventCountry "GER"]
[SourceTitle "playchess.com"]
[Source "ChessBase"]
[SourceQuality "1"]
[TimeControl "40/5400+30:1800+30"]

1. e4 e5 2. Nf3 Nc6 3. Bc4 Bc5 4. c3 Nf6 5. d3 d6 6. a4 a5 7. h3 h6 8. Nbd2 Be6 9. Bxe6 fxe6 10. Nc4 O-O 11. Be3 Ba7 12. Bxa7 Rxa7 13. O-O Qe8 14. Nh2 Nh5 15. g3 Nf6 16. Qe2 Ra8 17. f4 Qg6 18. g4 exf4 19. Rxf4 Nh5 20. Rxf8+ Rxf8 21. Qe3 Nf4 22. d4 Qg5 23. Rf1 e5 24. Kh1 Qe7 25. d5 Nd8 26. Nd2 Nf7 27. Qg3 Qd7 28. b3 c5 29. c4 Qd8 30. Rf2 Qb6 31. Qc3 Qc7 32. Nhf1 b6 33. Kh2 Qd7 34. Ne3 Qd8 35. Ng2 Nxg2 36. Kxg2 Ng5 37. Rxf8+ Kxf8 38. h4 Nf7 39. Kg3 Nh8 40. Qf3+ Kg8 41. Qf5 Qe8 42. h5 g6 43. Qf6 Qf7 44. Qxf7+ Nxf7 45. Nf3 Ng5 46. Nxg5 1/2-1/2

[Event "DLM Youth 2024"]
[Site "Tuebingen"]
[Date "2024.10.03"]
[Round "2"]
[White "Stehning, Toni"]
[Black "Hoffmann, Sophia"]
[Result "1-0"]
[ECO "C54"]
[WhiteElo "1817"]
[BlackElo "1718"]
[Annotator "NA RC"]
[PlyCount "76"]
[EventDate "2024.10.03"]
[EventType "team-swiss"]
[EventRounds "7"]
[EventCountry "GER"]
[SourceTitle "playchess.com"]
[Source "ChessBase"]
[SourceQuality "1"]
[TimeControl "40/5400+30:1800+30"]

1. e4 e5 2. Nf3 Nc6 3. Bc4 Bc5 4. c3 Nf6 5. d4 exd4 6. e5 d5 7. Bb5 Ne4 8. cxd4 Bb6 9. Nc3 O-O 10. Be3 Bg4 11. h3 Bh5 12. Qc2 Bg6 13. Qb3 Ne7 14. O-O c6 15. Bd3 Nd2 16. Nxd2 Bxd3 17. Rfe1 Bg6 18. Na4 f6 19. Nxb6 axb6 20. exf6 gxf6 21. f4 Qc7 22. Nf3 Rae8 23. Bd2 Be4 24. Rxe4 Kh8 25. Re2 Rf7 26. Rae1 Rg8 27. Qc2 Qd7 28. Re6 Ng6 29. f5 Nf8 30. Bb4 Rfg7 31. Re7 Rxg2+ 32. Qxg2 Rxg2+ 33. Kxg2 Qxf5 34. Re8 c5 35. Bd2 Kg8 36. Kf2 Qxh3 37. Bf4 Qh5 38. Bd6 Kg7 1-0

[Event "DLM Youth 2024"]
[Site "Tuebingen"]
[Date "2024.10.03"]
[Round "2"]
[White "Wartenberg, Alissa"]
[Black "Shevchenko, Igor"]
[Result "1-0"]
[ECO "B15"]
[WhiteElo "1813"]
[BlackElo "1856"]
[Annotator "NA RC"]
[PlyCount "55"]
[EventDate "2024.10.03"]
[EventType "team-swiss"]
[EventRounds "7"]
[EventCountry "GER"]
[SourceTitle "playchess.com"]
[Source "ChessBase"]
[SourceQuality "1"]
[TimeControl "40/5400+30:1800+30"]

1. e4 c6 2. d4 d5 3. Nc3 dxe4 4. Nxe4 Nf6 5. Nxf6+ exf6 6. c3 Bd6 7. Bd3 O-O 8. Qc2 Re8+ 9. Ne2 h5 10. O-O h4 11. h3 Nd7 12. Be3 Nf8 13. Rad1 Be6 14. Rd2 Qc7 15. Rc1 g5 16. Bf5 Qd7 17. Bxe6 fxe6 18. c4 Rac8 19. Nc3 Kg7 20. d5 cxd5 21. cxd5 e5 22. Qb3 b5 23. Rdc2 b4 24. Ne4 Rxc2 25. Rxc2 f5 26. Nxd6 Qxd6 27. Rc6 Qb8 28. Bxg5 1-0

[Event "DLM Youth 2024"]
[Site "Tuebingen"]
[Date "2024.10.03"]
[Round "2"]
[White "Ensslen, Jakob"]
[Black "Fischer, Darja"]
[Result "0-1"]
[ECO "D02"]
[WhiteElo "1774"]
[BlackElo "1872"]
[Annotator "NA RC"]
[PlyCount "82"]
[EventDate "2024.10.03"]
[EventType "team-swiss"]
[EventRounds "7"]
[EventCountry "GER"]
[SourceTitle "playchess.com"]
[Source "ChessBase"]
[SourceQuality "1"]
[TimeControl "40/5400+30:1800+30"]

1. d4 Nf6 2. Bf4 e6 3. e3 d5 4. Nf3 Be7 5. c3 O-O 6. h4 b6 7. Nbd2 Ba6 8. Bxa6 Nxa6 9. Ne5 c5 10. Qe2 Qc8 11. O-O-O c4 12. g4 Nd7 13. g5 b5 14. h5 f6 15. gxf6 Bxf6 16. Rhg1 Bxe5 17. dxe5 Nac5 18. Bh6 Nd3+ 19. Kc2 Rf7 20. f4 N7c5 21. Qg2 Qd7 22. Nf3 b4 23. Nd4 bxc3 24. b3 Rb8 25. Rb1 Kh8 26. Bg5 Ne4 27. f5 Nb4+ 28. Kc1 Qc7 29. Nxe6 Qa5 30. Nxg7 Nd3+ 31. Kd1 Ndf2+ 32. Ke1 c2+ 33. Ke2 Nd3 34. Kf3 Nxe5+ 35. Kf4 Nd3+ 36. Kf3 Qd2 37. Rbf1 Qxg2+ 38. Rxg2 Nxg5+ 39. Rxg5 Rxg7 40. Rxg7 Kxg7 41. bxc4 Rb1 0-1

[Event "DLM Youth 2024"]
[Site "Tuebingen"]
[Date "2024.10.03"]
[Round "2"]
[White "Aguike, Toshiya"]
[Black "Brunner, Sophia"]
[Result "0-1"]
[ECO "C01"]
[WhiteElo "1719"]
[BlackElo "1863"]
[Annotator "NA RC"]
[PlyCount "126"]
[EventDate "2024.10.03"]
[EventType "team-swiss"]
[EventRounds "7"]
[EventCountry "GER"]
[SourceTitle "playchess.com"]
[Source "ChessBase"]
[SourceQuality "1"]
[TimeControl "40/5400+30:1800+30"]

1. e4 e6 2. d4 d5 3. exd5 exd5 4. Bd3 Nc6 5. Nf3 Bg4 6. c3 Bd6 7. h3 Bh5 8. O-O Nge7 9. Nbd2 Qd7 10. Qc2 f6 11. Re1 O-O-O 12. b4 Rde8 13. b5 Nd8 14. c4 dxc4 15. Nxc4 Kb8 16. Nxd6 Qxd6 17. Nd2 Nd5 18. Bb2 Nb4 19. Qb3 Nxd3 20. Qxd3 Bg6 21. Qb3 Ne6 22. Qa4 Nf4 23. Qb3 Ne2+ 24. Kh1 Nxd4 25. Qa4 Nc2 26. Nc4 Qc5 27. Rxe8+ Rxe8 28. f3 Qf2 29. Rg1 Re1 30. Rxe1 Nxe1 31. Ne3 Qxe3 32. Bd4 Qe2 33. Bxa7+ Kc8 34. Qg4+ f5 35. Qg3 b6 36. a4 Kb7 37. a5 Qxg2+ 38. Qxg2 Nxg2 39. axb6 cxb6 40. Bxb6 Kxb6 41. Kxg2 Kxb5 42. Kg3 Kc5 43. Kf4 Kd5 44. Kg5 Ke5 45. h4 Bf7 46. h5 h6+ 47. Kh4 Kf4 48. Kh3 Bxh5 49. Kh4 Kxf3 50. Kxh5 g5 51. Kxh6 g4 52. Kg5 g3 53. Kxf5 g2 54. Ke5 g1=Q 55. Kd5 Qg4 56. Ke5 Qe4+ 57. Kf6 Qd5 58. Kg6 Kf4 59. Kf6 Qd6+ 60. Kf7 Kg5 61. Kg7 Qe7+ 62. Kg8 Kg6 63. Kh8 Qg7# 0-1

[Event "DLM Youth 2024"]
[Site "Tuebingen"]
[Date "2024.10.03"]
[Round "2"]
[White "Dohon, Maria-Johanna"]
[Black "Schwarzfischer, Julia"]
[Result "0-1"]
[ECO "D35"]
[WhiteElo "1717"]
[BlackElo "1788"]
[Annotator "NA RC"]
[PlyCount "88"]
[EventDate "2024.10.03"]
[EventType "team-swiss"]
[EventRounds "7"]
[EventCountry "GER"]
[SourceTitle "playchess.com"]
[Source "ChessBase"]
[SourceQuality "1"]
[TimeControl "40/5400+30:1800+30"]

1. d4 d5 2. c4 e6 3. Nc3 Nf6 4. Nf3 h6 5. cxd5 exd5 6. Bf4 a6 7. e3 Nh5 8. Bg3 Nxg3 9. hxg3 Be6 10. Bd3 Nc6 11. a3 Rb8 12. Ne2 g5 13. Rc1 Ra8 14. Qc2 Bd6 15. Bf5 Qf6 16. Bxe6 fxe6 17. Nc3 Kd7 18. g4 Raf8 19. Rd1 Qf7 20. Qe2 Qg6 21. Qd3 Qf6 22. Qe2 Rf7 23. Na4 Kc8 24. Rc1 Rhf8 25. Rf1 e5 26. dxe5 Bxe5 27. Nxe5 Nxe5 28. Nc5 Qb6 29. b4 Nc4 30. Qd3 a5 31. Na4 Qb5 32. Nc3 Qe8 33. Ke2 axb4 34. axb4 Qd7 35. Qd4 Nb6 36. Rcd1 Re7 37. Kd2 Ref7 38. Ke2 Re8 39. Kd2 Nc4+ 40. Ke2 Nb6 41. Ra1 Rf4 42. Qd2 d4 43. Nd1 Qxg4+ 44. Kd3 dxe3 0-1

[Event "DLM Youth 2024"]
[Site "Tuebingen"]
[Date "2024.10.03"]
[Round "2"]
[White "Busch, Lara Sophie"]
[Black "Noennig, Lotte"]
[Result "1-0"]
[ECO "C54"]
[WhiteElo "1714"]
[BlackElo "1658"]
[Annotator "NA RC"]
[PlyCount "73"]
[EventDate "2024.10.03"]
[EventType "team-swiss"]
[EventRounds "7"]
[EventCountry "GER"]
[SourceTitle "playchess.com"]
[Source "ChessBase"]
[SourceQuality "1"]
[TimeControl "40/5400+30:1800+30"]

1. e4 e5 2. Nf3 Nc6 3. Bc4 Bc5 4. d3 Nf6 5. c3 d6 6. O-O h6 7. Nbd2 O-O 8. Re1 Be6 9. Bb3 Bb6 10. Nf1 Ng4 11. Re2 Ne7 12. h3 Nf6 13. Be3 Ng6 14. Ng3 Re8 15. Qd2 d5 16. Qc2 Qd7 17. Rd1 a5 18. Ba4 c6 19. Bxb6 Ra6 20. Be3 b5 21. d4 exd4 22. Bxd4 bxa4 23. Bxf6 gxf6 24. Qxa4 Kh7 25. exd5 cxd5 26. Qxd7 Bxd7 27. Rxe8 Bxe8 28. Rxd5 a4 29. Nd4 Rb6 30. b3 axb3 31. axb3 Ne5 32. Rd8 Bd7 33. f4 Rb7 34. fxe5 fxe5 35. Nf3 f6 36. Ne4 Kg7 37. Nc5 1-0

[Event "DLM Youth 2024"]
[Site "Tuebingen"]
[Date "2024.10.03"]
[Round "2"]
[White "Rafikova, Ailin"]
[Black "Tu, Tiffany"]
[Result "0-1"]
[ECO "C69"]
[WhiteElo "1707"]
[BlackElo "1675"]
[Annotator "NA RC"]
[PlyCount "100"]
[EventDate "2024.10.03"]
[EventType "team-swiss"]
[EventRounds "7"]
[EventCountry "GER"]
[SourceTitle "playchess.com"]
[Source "ChessBase"]
[SourceQuality "1"]
[TimeControl "40/5400+30:1800+30"]

1. e4 e5 2. Nf3 Nc6 3. Bb5 a6 4. Bxc6 dxc6 5. O-O f6 6. d4 exd4 7. Nxd4 Bd7 8. Nc3 Bd6 9. Be3 Qe7 10. Qf3 Qe5 11. Qg3 Qxg3 12. hxg3 Ne7 13. Rad1 O-O-O 14. Nb3 Ng6 15. Nc5 Ne5 16. Nxd7 Rxd7 17. b3 Rhd8 18. Bc1 Ng4 19. Rd2 h5 20. Ne2 Bc5 21. Rxd7 Rxd7 22. Nc3 Re7 23. a3 f5 24. Bg5 Re8 25. b4 Ba7 26. Ne2 Rxe4 27. Rd1 Bxf2+ 28. Kf1 b6 29. Nc3 Rc4 30. Rd3 Rd4 31. Rxd4 Bxd4 32. Nb1 Be3 33. Be7 Kd7 34. Bf8 Bh6 35. b5 cxb5 36. Bb4 Ne3+ 37. Ke2 Nxc2 38. Bc3 g6 39. Kf3 c5 40. Bd2 Bxd2 41. Nxd2 Nxa3 42. Kf4 c4 43. Kg5 c3 44. Nb3 a5 45. Kxg6 c2 46. Kxf5 a4 47. Nc1 b4 48. Ke4 b3 49. Kd3 b2 50. Kd2 b1=Q 0-1

[Event "DLM Youth 2024"]
[Site "Tuebingen"]
[Date "2024.10.03"]
[Round "2"]
[White "Loos, Tilda"]
[Black "Steinbrenner, Peter"]
[Result "0-1"]
[ECO "B22"]
[WhiteElo "1700"]
[BlackElo "1952"]
[Annotator "NA RC"]
[PlyCount "114"]
[EventDate "2024.10.03"]
[EventType "team-swiss"]
[EventRounds "7"]
[EventCountry "GER"]
[SourceTitle "playchess.com"]
[Source "ChessBase"]
[SourceQuality "1"]
[TimeControl "40/5400+30:1800+30"]

1. e4 c5 2. d4 cxd4 3. c3 Nf6 4. e5 Nd5 5. Nf3 e6 6. cxd4 d6 7. Bc4 Be7 8. O-O Nb6 9. Bb3 Nc6 10. Nc3 O-O 11. Be3 Na5 12. Bc2 Nac4 13. Qd3 g6 14. Bh6 Re8 15. b3 Na3 16. Rad1 Nd5 17. Qd2 dxe5 18. Nxd5 exd5 19. dxe5 Nxc2 20. Qxc2 Be6 21. Be3 Rc8 22. Qd2 a6 23. Nd4 Bc5 24. Nxe6 fxe6 25. Bg5 Be7 26. Be3 Qc7 27. Qd4 Bc5 28. Qxc5 Qxc5 29. Bxc5 Rxc5 30. Rc1 Rec8 31. Rxc5 Rxc5 32. f4 Kf7 33. Rf2 Ke7 34. Rd2 Rc3 35. Kf2 Kd7 36. Ke2 Kc6 37. Rd3 Rc2+ 38. Rd2 Rc1 39. Kd3 Kc5 40. a3 a5 41. b4+ axb4 42. axb4+ Kb5 43. g4 Rf1 44. Ke3 Kxb4 45. Rb2+ Kc3 46. Rxb7 d4+ 47. Ke4 Re1+ 48. Kf3 Re3+ 49. Kf2 Kd3 50. Rxh7 Ke4 51. f5 gxf5 52. g5 Rf3+ 53. Ke2 d3+ 54. Kd2 Rf2+ 55. Ke1 Rg2 56. Rh4+ f4 57. Kf1 Rxg5 0-1

[Event "DLM Youth 2024"]
[Site "Tuebingen"]
[Date "2024.10.03"]
[Round "2"]
[White "Huppert, Anna"]
[Black "Bezsonna, Polina"]
[Result "0-1"]
[ECO "B23"]
[WhiteElo "1661"]
[BlackElo "1905"]
[Annotator "NA RC"]
[PlyCount "120"]
[EventDate "2024.10.03"]
[EventType "team-swiss"]
[EventRounds "7"]
[EventCountry "GER"]
[SourceTitle "playchess.com"]
[Source "ChessBase"]
[SourceQuality "1"]
[TimeControl "40/5400+30:1800+30"]

1. e4 c5 2. Nc3 Nc6 3. f4 g6 4. Nf3 Bg7 5. Bb5 Nd4 6. Bc4 e6 7. O-O Ne7 8. d3 a6 9. Nxd4 Bxd4+ 10. Kh1 d5 11. Bb3 b5 12. a3 Bb7 13. e5 Nf5 14. Qe1 h5 15. Ne2 Be3 16. Ng3 Bxc1 17. Rxc1 Nd4 18. Ba2 h4 19. Ne2 Nf5 20. Ng1 d4 21. Nh3 Qd7 22. Rf2 Bc6 23. Kg1 Qb7 24. Ng5 Ne3 25. Ne4 Bxe4 26. dxe4 Qxe4 27. Qe2 h3 28. g3 Rd8 29. Bb1 Qb7 30. c3 Nc4 31. Be4 Qb6 32. Rd1 dxc3 33. bxc3 Nxa3 34. Rxd8+ Qxd8 35. Bc6+ Kf8 36. Qe3 Qb6 37. Be4 Kg7 38. g4 Nc4 39. Qd3 Qd8 40. Qc2 Ne3 41. Qe2 Qd1+ 42. Qxd1 Nxd1 43. Rf3 Nb2 44. f5 exf5 45. gxf5 gxf5 46. Bxf5 Re8 47. Re3 Nc4 48. Re4 Rxe5 49. Rxe5 Nxe5 50. Kf1 a5 51. Ke2 Kf6 52. Bxh3 Kg5 53. Bf1 Nc4 54. Ke1 a4 55. Bd3 a3 56. Bb1 f5 57. Ba2 f4 58. Kf2 Na5 59. Kf3 b4 60. cxb4 cxb4 0-1

[Event "DLM Youth 2024"]
[Site "Tuebingen"]
[Date "2024.10.03"]
[Round "2"]
[White "Ratushna, Olha"]
[Black "Tu, Audrey"]
[Result "1/2-1/2"]
[ECO "C47"]
[WhiteElo "1644"]
[BlackElo "1722"]
[Annotator "NA RC"]
[PlyCount "69"]
[EventDate "2024.10.03"]
[EventType "team-swiss"]
[EventRounds "7"]
[EventCountry "GER"]
[SourceTitle "playchess.com"]
[Source "ChessBase"]
[SourceQuality "1"]
[TimeControl "40/5400+30:1800+30"]

1. e4 e5 2. Nf3 Nc6 3. Nc3 Nf6 4. d4 exd4 5. Nxd4 Bb4 6. Nxc6 bxc6 7. Bd3 d5 8. exd5 cxd5 9. O-O O-O 10. h3 c6 11. Qf3 Be6 12. Bg5 Be7 13. Ne2 h6 14. Bh4 Nd7 15. Bxe7 Qxe7 16. Qe3 Nc5 17. Bf5 Rfe8 18. Bxe6 Nxe6 19. Qc3 Rac8 20. Rfe1 Qd6 21. Ng3 Nf4 22. Kf1 Qg6 23. Qf3 Ne6 24. Qf5 Qxf5 25. Nxf5 Rcd8 26. Re2 Nf4 27. Rxe8+ Rxe8 28. h4 Re5 29. Nd4 Re4 30. c3 Nd3 31. g3 c5 32. Nc6 Nxb2 33. Nxa7 Na4 34. Nb5 Rc4 35. Rd1 1/2-1/2

[Event "DLM Youth 2024"]
[Site "Tuebingen"]
[Date "2024.10.03"]
[Round "2"]
[White "Roessling, Laura Marie"]
[Black "Andersen, Jonathan"]
[Result "1-0"]
[ECO "B42"]
[WhiteElo "1624"]
[BlackElo "1676"]
[Annotator "NA RC"]
[PlyCount "41"]
[EventDate "2024.10.03"]
[EventType "team-swiss"]
[EventRounds "7"]
[EventCountry "GER"]
[SourceTitle "playchess.com"]
[Source "ChessBase"]
[SourceQuality "1"]
[TimeControl "40/5400+30:1800+30"]

1. e4 c5 2. Nf3 e6 3. d4 cxd4 4. Nxd4 a6 5. Bd3 Bc5 6. Nb3 Ba7 7. O-O Ne7 8. Nc3 Nbc6 9. Kh1 b5 10. f4 b4 11. Ne2 d5 12. Ng3 h5 13. Qf3 h4 14. Nh5 Kf8 15. Qg4 g6 16. Nf6 h3 17. Qg5 hxg2+ 18. Kxg2 dxe4 19. Bxe4 e5 20. f5 Bxf5 21. Qh6+ 1-0

[Event "DLM Youth 2024"]
[Site "Tuebingen"]
[Date "2024.10.03"]
[Round "2"]
[White "Wang, Enya Marie"]
[Black "Kateryniuk, Ivan"]
[Result "1-0"]
[ECO "C42"]
[WhiteElo "1613"]
[BlackElo "1860"]
[Annotator "NA RC"]
[PlyCount "79"]
[EventDate "2024.10.03"]
[EventType "team-swiss"]
[EventRounds "7"]
[EventCountry "GER"]
[SourceTitle "playchess.com"]
[Source "ChessBase"]
[SourceQuality "1"]
[TimeControl "40/5400+30:1800+30"]

1. e4 e5 2. Nf3 Nf6 3. Nxe5 d6 4. Nf3 Nxe4 5. Nc3 Nxc3 6. dxc3 Be7 7. Be3 Nd7 8. Qd2 Nf6 9. O-O-O O-O 10. Bd3 c6 11. Kb1 a5 12. h3 b5 13. Nd4 Bd7 14. Nf5 c5 15. g4 b4 16. Nxe7+ Qxe7 17. Rhe1 bxc3 18. Qxc3 Nd5 19. Bxh7+ Kxh7 20. Rxd5 Be6 21. Qd3+ Kg8 22. Rxd6 c4 23. Qd2 Rab8 24. Bc5 Qc7 25. Qd4 Rfc8 26. Bb6 Qe7 27. f4 c3 28. b3 Qh4 29. Qe3 a4 30. f5 axb3 31. fxe6 bxa2+ 32. Ka1 f5 33. e7 f4 34. Rd8+ Rxd8 35. Qe6+ Kh7 36. exd8=Q Rxd8 37. Bxd8 Qxd8 38. Qe4+ Kh6 39. Qxf4+ Kh7 40. Qe4+ 1-0

[Event "DLM Youth 2024"]
[Site "Tuebingen"]
[Date "2024.10.03"]
[Round "2"]
[White "Stiehler, Mara"]
[Black "Fischermann, Charlotte"]
[Result "1/2-1/2"]
[ECO "C54"]
[WhiteElo "1601"]
[BlackElo "1657"]
[Annotator "NA RC"]
[PlyCount "106"]
[EventDate "2024.10.03"]
[EventType "team-swiss"]
[EventRounds "7"]
[EventCountry "GER"]
[SourceTitle "playchess.com"]
[Source "ChessBase"]
[SourceQuality "1"]
[TimeControl "40/5400+30:1800+30"]

1. e4 e5 2. Nf3 Nc6 3. Bc4 Nf6 4. d3 Bc5 5. c3 d6 6. Bb3 Bb6 7. Nbd2 Na5 8. Bc2 Bd7 9. h3 h6 10. Qe2 Qe7 11. Nf1 Nc6 12. Ne3 g6 13. g4 Nd8 14. Nd5 Nxd5 15. exd5 c6 16. c4 Ba5+ 17. Bd2 Bxd2+ 18. Nxd2 cxd5 19. cxd5 b6 20. d4 Nb7 21. dxe5 dxe5 22. Nc4 Rc8 23. Bd3 h5 24. Qxe5 Qxe5+ 25. Nxe5 hxg4 26. Nxd7 Kxd7 27. h4 Nd6 28. b4 Rce8+ 29. Kd2 Re5 30. Rag1 Rxd5 31. Rxg4 Rhh5 32. Re1 Rhe5 33. Rxe5 Rxe5 34. Rg5 Ne4+ 35. Bxe4 Rxe4 36. h5 gxh5 37. a3 Rh4 38. Rg3 Rg4 39. Rh3 Rg5 40. Ke3 Ke6 41. a4 Kf6 42. f3 Kg6 43. Rh4 Rf5 44. Rd4 Re5+ 45. Kf4 Re7 46. Rd6+ f6 47. Rd1 Rh7 48. Rg1+ Kf7 49. Kf5 Rh6 50. Rc1 Ke7 51. Rh1 Kd6 52. Rh4 Kd5 53. b5 Kd6 1/2-1/2

[Event "DLM Youth 2024"]
[Site "Tuebingen"]
[Date "2024.10.03"]
[Round "2"]
[White "Krannich, Eva"]
[Black "Albrecht, Sidney Jenna"]
[Result "1-0"]
[ECO "A05"]
[WhiteElo "1582"]
[BlackElo "1544"]
[Annotator "NA RC"]
[PlyCount "27"]
[EventDate "2024.10.03"]
[EventType "team-swiss"]
[EventRounds "7"]
[EventCountry "GER"]
[SourceTitle "playchess.com"]
[Source "ChessBase"]
[SourceQuality "1"]
[TimeControl "40/5400+30:1800+30"]

1. e4 c5 2. Nf3 Nc6 3. d3 g6 4. g3 Bg7 5. Bg2 Nf6 6. O-O O-O 7. Nc3 Re8 8. h3 e6 9. Re1 d5 10. e5 Nd7 11. Bf4 b6 12. Qd2 a6 13. Nd1 Qc7 14. Qe3 1-0